Map: Overgrown Facility

Players

Lostway

  • Race: Zerg Zerg
  • League: Master
  • Spawn Location: 3:00

SecondOne

  • Race: Terran Terran
  • League: Master
  • Spawn Location: 1:00

PureLegacy - Winner!

  • Race: Terran Terran
  • Spawn Location: 9:00

LOADBLASTER - Winner!

  • Race: Terran Terran
  • League: Master
  • Spawn Location: 7:00

VOD

Have the link to the VOD?

Description

Time

  • Played on: Nov. 26, 2018, 9:35 a.m.
  • Length: 4:27
Show
View Real Time Build Order
Export as new Build Order

Lostway Zerg 

Build Orders: Hatch First 

Get SALT Encoding   

  12  0:00  Drone  
  13  0:13  Overlord  
  13  0:17  Drone  
  14  0:31  Drone x2  
  14  0:35  Drone  
  17  0:46  Drone  
  18  0:58  Hatchery  
  18  1:00  Extractor  
  18  1:01  Drone  
  17  1:16  Spawning Pool  
  16  1:19  Drone  
  16  1:22  Drone  
  18  1:31  Drone  
  19  1:42  Overlord  
  19  1:57  Hatchery  
  19  2:00  Drone  
  19  2:07  Queen  
  21  2:12  Zergling x2  
  22  2:22  Metabolic Boost  
  22  2:28  Queen  
  24  2:33  Drone  
  24  2:36  Drone  
  26  2:39  Drone  
  26  2:43  Drone  
  28  2:44  Drone  
  28  2:48  Drone  
  28  2:51  Drone  
  31  2:53  Drone  
  31  2:56  Drone  
  33  3:00  Drone  
  33  3:06  Overlord  
  33  3:11  Zergling x2  
  33  3:12  Zergling x2  
  33  3:21  Zergling x2  
  33  3:22  Zergling x4  
  33  3:25  Zergling x4  
  34  3:27  Zergling x2  
  34  3:34  Zergling x4  
  31  3:39  Zergling x2  
  29  3:47  Zergling x2  
  29  3:51  Drone x2  
  29  3:55  Drone  
  32  4:02  Drone x2  
  34  4:03  Drone  
  34  4:06  Drone  
  34  4:09  Drone  
Show
View Real Time Build Order
Export as new Build Order

SecondOne Terran 

Build Orders:  

Get SALT Encoding   

  12  0:00  SCV  
  13  0:12  SCV  
  14  0:18  Supply Depot  
  14  0:24  SCV  
  15  0:39  SCV  
  15  0:40  Barracks  
  16  0:44  Refinery  
  16  0:51  SCV  
  17  1:04  SCV  
  18  1:05  Barracks  
  18  1:21  SCV  
  19  1:27  Barracks Reactor  
  19  1:35  Supply Depot, Orbital Command  
  19  2:01  Barracks Tech Lab  
  19  2:02  SCV  
  19  2:04  Marine x2  
  22  2:14  SCV  
  23  2:21  Marauder  
  23  2:22  Marine x2  
  27  2:24  Stimpack  
  27  2:39  Command Center  
  27  2:40  SCV  
  28  2:47  Supply Depot  
  28  2:48  Marine  
  29  2:53  Marauder  
  31  3:01  Refinery  
  31  3:07  Supply Depot  
  31  3:08  SCV  
  31  3:11  Marine x2  
  34  3:20  SCV  
  34  3:25  Marauder  
  37  3:32  SCV  
  38  3:43  Marine x2  
  38  3:47  Marauder  
  42  3:50  Factory, SCV  
  43  3:58  Bunker  
  43  4:02  SCV  
  44  4:04  Marine x2  
  46  4:15  SCV  
Show
View Real Time Build Order
Export as new Build Order

PureLegacy Terran - Winner!

Build Orders:  

Get SALT Encoding   

  12  0:00  SCV  
  13  0:14  SCV  
  13  0:18  Supply Depot  
  14  0:26  SCV  
  15  0:32  Refinery  
  15  0:39  SCV  
  16  0:46  Barracks  
  16  0:51  SCV  
  17  1:04  Barracks  
  17  1:17  Barracks  
  17  1:21  SCV  
  18  1:33  Reaper  
  19  1:40  Orbital Command  
  19  1:51  Refinery  
  19  1:52  Reaper  
  20  2:00  Supply Depot  
  20  2:06  Reaper  
  21  2:11  Reaper  
  22  2:20  SCV  
  23  2:24  Supply Depot  
  23  2:27  Reaper  
  24  2:35  SCV  
  25  2:38  Reaper  
  26  2:46  Reaper  
  26  2:47  SCV  
  28  2:59  Reaper  
  28  3:00  SCV  
  30  3:09  Command Center  
  30  3:14  Reaper  
  31  3:20  Reaper  
  32  3:31  Reaper  
  33  3:41  SCV  
  34  3:49  Reaper  
  34  3:53  Barracks x2  
  35  3:55  Engineering Bay  
  35  4:06  SCV  
Show
View Real Time Build Order
Export as new Build Order

LOADBLASTER Terran - Winner!

Build Orders: Hellion Banshee 

Get SALT Encoding   

  12  0:00  SCV  
  13  0:12  SCV  
  14  0:18  Supply Depot  
  14  0:24  SCV  
  15  0:40  SCV  
  16  0:45  Barracks  
  16  0:46  Refinery  
  16  0:52  SCV  
  17  1:04  SCV  
  18  1:16  SCV  
  19  1:32  Marine, Orbital Command  
  20  1:47  Command Center  
  20  2:00  Factory  
  19  2:01  SCV  
  19  2:06  Barracks Reactor  
  20  2:14  Supply Depot  
  20  2:15  SCV  
  21  2:22  Refinery  
  21  2:27  SCV  
  22  2:39  SCV  
  23  2:46  Starport  
  27  2:51  Hellion x2  
  27  2:53  SCV  
  27  2:55  Barracks Tech Lab  
  28  3:04  Orbital Command  
  28  3:07  SCV  
  31  3:13  Hellion  
  31  3:19  SCV  
  32  3:20  Hellion  
  34  3:31  Banshee  
  37  3:37  SCV  
  37  3:39  SCV  
  39  3:47  Supply Depot  
  39  3:49  SCV  
  39  3:51  Hellion, SCV  
  43  3:56  Hellion  
  43  4:01  SCV  
  46  4:09  SCV  
  47  4:11  Supply Depot  
  47  4:14  SCV  
Tags
 
Add a new tag
Caveats
  • Supply blocks, unpowered buildings, or Contaminate may cause inaccurate times.
  • Supply counts are checked every 10 seconds.